General information
- name: BNet
- type: Ladder 1vs1/FFA
- host: Battle.net
- saver: BEAR_AND
map: PlunderIsle
- players: 2
- length: 47:21
- speed: Fast
- version: 1.27 W3XP
- replay type:

» download(139 KB)
Players
team 1 (loser)
theryrybaby (
red | 21 APM | 1013 actions | 47:18)
3 Priestess of the Moon
2 Trueshot Aura
1 Searing Arrows
2 Keeper of the Grove
1 Thorns Aura
1 Force of Nature
» actions
| Assign group hotkey | 2 | |
| Build / train | 134 | |
| ESC pressed | 2 | |
| Enter build submenu | 27 | |
| Enter hero's abilities submenu | 5 | |
| Remove unit from queue | 9 | |
| Right click | 324 | |
| Select / deselect | 430 | |
| Select group hotkey | 6 | |
| Use ability | 74 | |
1013 total
» units
| Wisp | 32 | |
| Archer | 17 | |
| Glaive Thrower | 20 | |
| Huntress | 4 | |
| Mountain Giant | 3 | |
| Dryad | 6 | |
| Hippogryph | 5 | |
| Chimaera | 9 | |
96 total
» upgrades
| Strength of the Moon | 3 | |
| Moon Armor | 3 | |
| Vorpal Blades | 1 | |
| Strength of the Wild | 3 | |
| Reinforced Hides | 3 | |
| Improved Bows | 1 | |
| Hippogryph Taming | 1 | |
| Marksmanship | 1 | |
| Abolish Magic | 1 | |
| Hardened Skin | 1 | |
| Resistant Skin | 1 | |
| Corrosive Breath | 1 | |
20 total
» buildings
| Altar of Elders | 1 | |
| Ancient of War | 1 | |
| Moon Well | 10 | |
| Hunter's Hall | 1 | |
| Tree of Ages | 1 | |
| Ancient of Lore | 1 | |
| Ancient of Wonders | 1 | |
| Tree of Eternity | 1 | |
| Ancient of Wind | 1 | |
| Tree of Life | 2 | |
| Ancient Protector | 7 | |
| Chimaera Roost | 4 | |
31 total
» build order
00:11 Altar of Elders
00:22 Ancient of War
01:20 Moon Well
01:22 Moon Well
01:28 Moon Well
01:29 Moon Well
02:40 Moon Well
02:42 Moon Well
02:58 Hunter's Hall
06:59 Tree of Ages
12:03 Ancient of Lore
13:38 Ancient of Wonders
15:29 Moon Well
15:31 Moon Well
15:34 Moon Well
15:36 Moon Well
19:33 Tree of Eternity
21:33 Ancient of Wind
22:58 Tree of Life
23:08 Ancient Protector
23:11 Ancient Protector
23:15 Ancient Protector
23:18 Ancient Protector
27:01 Tree of Life
28:31 Ancient Protector
28:44 Ancient Protector
29:35 Ancient Protector
36:29 Chimaera Roost
36:35 Chimaera Roost
39:33 Chimaera Roost
39:45 Chimaera Roost
team 2 (winner)
BEAR_AND (
teal | 116 APM | 5490 actions | 47:21)
5 Archmage
1 Summon Water Elemental
2 Brilliance Aura
2 Blizzard
4 Mountain King
2 Storm Bolt
2 Bash
4 Paladin
2 Holy Light
2 Divine Shield
» actions
| Assign group hotkey | 25 | |
| Basic commands | 58 | |
| Build / train | 182 | |
| Enter build submenu | 79 | |
| Enter hero's abilities submenu | 19 | |
| Give item / drop item | 9 | |
| Remove unit from queue | 4 | |
| Right click | 3247 | |
| Select / deselect | 857 | |
| Select group hotkey | 611 | |
| Use ability | 396 | |
5490 total
» units
| Peasant | 20 | |
| Priest | 1 | |
| Sorceress | 1 | |
| Dragonhawk Rider | 4 | |
26 total
» upgrades
| Masonry | 3 | |
| Magic Sentry | 1 | |
| Lumber Harvesting | 2 | |
| Sorceress Training | 2 | |
| Priest Training | 2 | |
| Cloud | 1 | |
| Swords | 3 | |
| Armor | 3 | |
| Animal War Training | 1 | |
| Backpack | 1 | |
19 total
» buildings
| Altar of Kings | 1 | |
| Farm | 5 | |
| Lumber Mill | 3 | |
| Scout Tower | 122 | |
| Arcane Tower | 9 | |
| Arcane Vault | 2 | |
| Guard Tower | 64 | |
| Keep | 3 | |
| Town Hall | 2 | |
| Arcane Sanctum | 1 | |
| Castle | 1 | |
| Gryphon Aviary | 1 | |
| Blacksmith | 1 | |
| Barracks | 1 | |
216 total
» build order
00:10 Altar of Kings
00:18 Farm
00:34 Lumber Mill
00:44 Farm
01:08 Scout Tower
01:46 Scout Tower
02:01 Arcane Tower
02:01 Arcane Tower
02:02 Arcane Tower
02:25 Scout Tower
02:29 Arcane Vault
02:29 Guard Tower
02:30 Guard Tower
03:02 Guard Tower
03:02 Guard Tower
03:07 Scout Tower
03:08 Scout Tower
03:09 Scout Tower
03:36 Keep
03:36 Keep
03:36 Keep
03:37 Guard Tower
04:03 Guard Tower
04:04 Scout Tower
04:05 Scout Tower
04:24 Farm
04:27 Scout Tower
04:28 Scout Tower
04:31 Guard Tower
05:02 Guard Tower
05:03 Guard Tower
05:24 Guard Tower
06:18 Town Hall
06:36 Scout Tower
06:37 Scout Tower
06:38 Scout Tower
06:49 Guard Tower
07:06 Arcane Tower
07:19 Guard Tower
07:19 Guard Tower
07:28 Scout Tower
07:32 Guard Tower
08:15 Guard Tower
08:19 Scout Tower
08:33 Arcane Sanctum
09:10 Guard Tower
10:15 Scout Tower
10:16 Scout Tower
10:17 Scout Tower
10:17 Scout Tower
10:59 Castle
11:35 Guard Tower
11:36 Guard Tower
11:36 Guard Tower
12:09 Guard Tower
12:10 Guard Tower
13:00 Scout Tower
13:00 Scout Tower
13:01 Scout Tower
13:24 Farm
13:47 Guard Tower
13:50 Scout Tower
13:50 Scout Tower
13:51 Scout Tower
14:06 Arcane Vault
14:10 Scout Tower
14:11 Scout Tower
14:11 Scout Tower
14:12 Scout Tower
14:15 Gryphon Aviary
14:26 Guard Tower
14:49 Guard Tower
14:49 Guard Tower
15:13 Guard Tower
15:56 Guard Tower
16:03 Guard Tower
16:31 Farm
16:56 Blacksmith
16:57 Barracks
17:48 Scout Tower
17:49 Scout Tower
17:49 Scout Tower
17:50 Scout Tower
17:53 Scout Tower
17:54 Scout Tower
17:54 Scout Tower
17:55 Scout Tower
18:00 Scout Tower
18:01 Scout Tower
18:01 Scout Tower
18:02 Scout Tower
18:02 Scout Tower
18:02 Scout Tower
18:03 Scout Tower
18:50 Guard Tower
18:52 Guard Tower
19:03 Guard Tower
19:06 Scout Tower
19:08 Scout Tower
19:14 Guard Tower
19:19 Guard Tower
19:31 Guard Tower
19:41 Lumber Mill
19:44 Guard Tower
19:49 Guard Tower
19:51 Scout Tower
19:52 Scout Tower
19:52 Scout Tower
20:05 Guard Tower
20:06 Scout Tower
20:07 Scout Tower
20:17 Lumber Mill
20:44 Town Hall
21:02 Scout Tower
21:03 Scout Tower
21:04 Scout Tower
21:04 Scout Tower
21:20 Guard Tower
21:23 Scout Tower
21:25 Scout Tower
21:26 Scout Tower
21:27 Scout Tower
21:27 Scout Tower
22:29 Guard Tower
22:31 Arcane Tower
22:31 Guard Tower
22:35 Scout Tower
22:36 Scout Tower
23:05 Guard Tower
23:07 Scout Tower
23:07 Scout Tower
23:57 Arcane Tower
23:57 Arcane Tower
23:57 Arcane Tower
24:06 Guard Tower
24:08 Scout Tower
24:09 Scout Tower
24:09 Scout Tower
24:10 Scout Tower
24:10 Scout Tower
24:11 Scout Tower
24:12 Scout Tower
24:13 Scout Tower
24:35 Guard Tower
24:35 Guard Tower
24:35 Guard Tower
24:47 Scout Tower
24:48 Scout Tower
24:48 Scout Tower
24:49 Scout Tower
24:50 Scout Tower
24:50 Scout Tower
24:51 Scout Tower
24:51 Scout Tower
24:52 Scout Tower
25:01 Guard Tower
25:06 Scout Tower
25:06 Scout Tower
25:07 Scout Tower
25:08 Scout Tower
25:10 Scout Tower
25:11 Scout Tower
25:12 Scout Tower
25:12 Scout Tower
25:12 Scout Tower
27:16 Guard Tower
27:55 Guard Tower
28:08 Guard Tower
28:09 Guard Tower
28:16 Scout Tower
28:17 Scout Tower
28:17 Scout Tower
28:18 Scout Tower
28:30 Guard Tower
28:30 Guard Tower
28:58 Guard Tower
29:04 Scout Tower
29:05 Scout Tower
29:05 Scout Tower
29:06 Scout Tower
29:07 Scout Tower
29:07 Scout Tower
29:10 Guard Tower
30:14 Guard Tower
32:32 Guard Tower
32:35 Scout Tower
32:36 Scout Tower
32:36 Scout Tower
32:37 Scout Tower
32:37 Scout Tower
32:38 Scout Tower
33:59 Guard Tower
34:00 Scout Tower
34:33 Guard Tower
36:06 Guard Tower
45:17 Scout Tower
45:19 Scout Tower
45:20 Scout Tower
45:20 Scout Tower
45:21 Scout Tower
45:21 Scout Tower
45:22 Scout Tower
45:22 Scout Tower
45:23 Scout Tower
45:25 Scout Tower
45:25 Scout Tower
45:27 Scout Tower
45:27 Scout Tower
45:28 Scout Tower
45:29 Scout Tower
45:57 Guard Tower
47:14 Guard Tower
» items
| Lesser Clarity Potion | 3 | |
| Scroll of Regeneration | 1 | |
| Boots of Speed | 3 | |
| Staff of Teleportation | 3 | |
| Potion of Mana | 5 | |
| Potion of Healing | 4 | |
| Potion of Lesser Invulnerability | 2 | |
| Tome of Retraining | 1 | |
| Staff of Sanctuary | 3 | |
| Orb of Fire | 2 | |
27 total
Chat log
(00:02 / All) BEAR_AND: hi
(01:24 / All) BEAR_AND: HI
(04:36 / All) BEAR_AND: hi
(04:52 / All) theryrybaby: 8IIIIIIID
(05:27 / All) BEAR_AND: whats that
(05:36 / All) theryrybaby: no english
(05:42 / All) BEAR_AND: language?
(05:51 / All) theryrybaby: portugeso
(06:09 / All) BEAR_AND: that's not how you say it
(14:51 / All) BEAR_AND: hi
(14:57 / All) BEAR_AND: from?
(18:32 / All) BEAR_AND: lol
(22:43 / All) BEAR_AND: ah, the 20 minute expo
(26:04 / All) BEAR_AND: i found your secret siege stash
(27:00 / All) BEAR_AND: hi
(28:42 / All) BEAR_AND: n o t h i n g b u t t o w e r s
(28:53 / All) BEAR_AND: hows it going ryry
(29:16 / All) theryrybaby: well my towers might not be as many, but your mom is sucking my dick right now so thats pretty nice./
(29:24 / All) BEAR_AND: you sound mad dude
(29:26 / All) BEAR_AND: are you mad?
(29:49 / All) BEAR_AND: why don't you make an army and kill the towers?
(29:51 / All) BEAR_AND: they don't move after all
(31:42 / All) BEAR_AND: cant put tree down???
(33:31 / All) BEAR_AND: ok lets see this army
(33:34 / All) BEAR_AND: i'm ready to be sieged
(33:43 / All) BEAR_AND: hang on what are you making at the aowind
(33:53 / All) BEAR_AND: that's not good for sieging
(33:53 / All) BEAR_AND: stop
(34:11 / All) BEAR_AND: hippos....stop it
(34:16 / All) BEAR_AND: no don't make archers
(34:17 / All) theryrybaby: DUDE shut up
(34:22 / All) BEAR_AND: i'm trying to help
(34:42 / All) BEAR_AND: you're making really bad units for this point in the game
(34:57 / All) BEAR_AND: dryads are unarmored and take extra damage from piercing (like towers)
(35:08 / All) BEAR_AND: hi
(37:42 / All) BEAR_AND: there you go! siege units can attack towers at a distance
(38:21 / All) BEAR_AND: chimps are perfect
(38:23 / All) BEAR_AND: the ultimate siege
(38:27 / All) BEAR_AND: see i'm just helping you
(40:16 / All) BEAR_AND: can i kill those archers?
(40:21 / All) BEAR_AND: in the southease
(40:23 / All) BEAR_AND: t
(40:38 / All) BEAR_AND: like would you mind? i'm asking your permission
(40:49 / All) BEAR_AND: k leaving em alone until i receive further notice
(42:49 / All) BEAR_AND: here we go!!!!!!!!!!! im excited
(42:53 / All) BEAR_AND: don't quit right away
(44:41 / All) BEAR_AND: build em up and try again
(44:46 / All) BEAR_AND: more careful this time. bring your heroes
(44:56 / All) theryrybaby: Oh I was just clearing food limit
(45:03 / All) BEAR_AND: sounds good ryry
(45:51 / All) BEAR_AND: lookin good